 Dungeon Crawl Stone Soup version 0.31.0-11-ge490571c62 (webtiles) character file.

Game seed: 1044029904002963530

429 Xavori the Covered (level 7, -3/51 HPs)
             Began as a Djinni Chaos Knight on Jan 29, 2024.
             Was a Plaything of Xom.
             Slain by an orc warrior
             ... wielding a +0 trident
              (7 damage)
             ... on level 4 of the Dungeon.
             The game lasted 00:03:15 (11594 turns).

Xavori the Covered (Djinni Chaos Knight)           Turns: 11594, Time: 00:03:15

Health: -3/51      AC: 13    Str: 10    XL:     7   Next: 19%
Gold:   253        EV: 12    Int: 12    God:    Xom [...*..] SH:  0 Dex: 22

rFire   + + .        a - +0 falchion (chaos)
rCold   x . .        (no shield)
rNeg    . . .        i - +5 ring mail "Egy Tir" {rElec Dex+3}
rPois   ∞            (helmet unavailable)
rElec   +            (no cloak)
rCorr   .            (no gloves)
SInv    .            (boots unavailable)
Will    .....        (no amulet)
Stlth   +            q - ring of wizardry
HPRegen 0.28/turn    (no ring)
MPRegen 0.00/turn

%: wizardry (x1), infuse magic (-4 HP)
@: flying, studying Armour
A: sickness immunity, fire resistance 2, cold vulnerability 1, float, innate
caster, HP casting, extra vitality 1, horns 3, iridescent scales 1, agile 1,
mutation resistance 2, inhibited regeneration, inability to read after injury 1
a: Renounce Religion


You were on level 4 of the Dungeon.
You worshipped Xom.
You were a favourite toy of Xom.
You visited 1 branch of the dungeon, and saw 4 of its levels.

You collected 253 gold pieces.

Inventory:

Hand Weapons
 a - a +0 falchion of chaos (weapon)
Armour
 i - the +5 ring mail "Egy Tir" (worn) {rElec Dex+3}
   (You found it on level 2 of the Dungeon)

   Dex+3:     It affects your dexterity (+3).
   rElec:     It insulates you from electricity.
 j - the +2 robe of Xutyhyes {rElec Dex+4 SInv Archmagi}
   (You found it on level 2 of the Dungeon)

   Dex+4:     It affects your dexterity (+4).
   rElec:     It insulates you from electricity.
   SInv:      It lets you see invisible.
   Archmagi:  It increases the power of your magical spells.
Jewellery
 q - a ring of wizardry (left hand)
Wands
 f - a wand of iceblast (4)
 l - a wand of light (4)
 m - a wand of flame (27)
Scrolls
 c - a scroll of butterflies
 e - 4 scrolls of teleportation {unknown}
 g - 2 scrolls of identify
 k - a scroll of revelation
Potions
 b - 2 potions of resistance {unknown}
 d - 2 potions of might {unknown}
 h - 2 potions of curing
 n - a potion of enlightenment {unknown}
 o - a potion of heal wounds {unknown}
 p - a potion of attraction {unknown}


   Skills:
 + Level 3.9 Fighting
 + Level 4.4 Long Blades
 + Level 4.7 Armour
 + Level 3.0 Dodging
 * Level 1.5 Spellcasting
 * Level 1.5 Conjurations
 * Level 1.5 Hexes
 * Level 1.5 Summonings
 * Level 1.5 Necromancy
 * Level 1.5 Translocations
 * Level 1.5 Fire Magic
 * Level 1.5 Ice Magic
 * Level 1.5 Air Magic
 * Level 1.5 Earth Magic
 * Level 1.5 Alchemy
 * Level 1.9 Evocations


You knew the following spells:

 Your Spells              Type           Power      Damage    Failure   Level
a - Foxfire               Conj/Fire      16%        2x1d4     16%         1
b - Blink                 Tloc           8%         N/A       22%         2
c - Lesser Beckoning      Tloc           8%         N/A       22%         2
Your spell library was empty.

Dungeon Overview and Level Annotations

Branches:
Dungeon (4/15)
 Temple: D:4-7

Altars:
Ashenzari
Uskayaw
Xom


Innate Abilities, Weirdness & Mutations

You are immune to sickness and miasma.
You are immune to poison.
Your flesh is very heat resistant. (rF++)
You are vulnerable to cold. (rC-)
You float through the air rather than walking.
You learn spells naturally, not from books.
Your magical power is your life essence.
You have superior vitality. (+4 MHP)
You have a pair of large horns on your head.
You are partially covered in iridescent scales. (AC +2)
You are agile. (Dex +4, Str/Int -1)
You are somewhat resistant to both further mutation and mutation removal.
You do not regenerate when monsters are visible.
You occasionally lose the ability to read scrolls when taking damage.


Message History

The orc dies!
Unknown command.
You hit the orc warrior but do no damage.
You drain the orc warrior.
The orc warrior is moderately wounded.
The orc warrior hits you but does no damage.
The orc warrior hits you with a +0 trident!
You are too injured to fight recklessly!
Aiming: Iceblast
Press: ? - help, Shift-Dir - straight line
Okay, then.
Aiming: Bolt of Light
Press: ? - help, Shift-Dir - straight line, f - orc warrior
Aim: an orc warrior, wielding a +0 trident and wearing a +0 plate armour (moderately wounded, fast, strong, frenzied and wild, lightly drained, ally target, 71% to hit)
The bolt of light hits the orc warrior!
The orc warrior is severely wounded.
The orc warrior is blinded.
The orc warrior closely misses you.
You strike the helpless orc warrior from behind!
You hit the orc warrior but do no damage.
The orc warrior suddenly seems more resistant.
Xom is highly amused!
You headbutt the orc warrior, but do no damage.
The orc warrior is severely wounded.
The orc warrior hits you with a +0 trident!
* * * LOW HITPOINT WARNING * * *
The orc warrior hits you with a +0 trident!
* * * LOW HITPOINT WARNING * * *
You barely miss the orc warrior.
The orc warrior is severely wounded.
The orc warrior closely misses you.
You hit the orc warrior but do no damage.
You punch the orc warrior, but do no damage.
The orc warrior is severely wounded.
The orc warrior barely misses you. x2
You hit the orc warrior but do no damage.
The orc warrior looks weaker.
The orc warrior is severely wounded.
The orc warrior barely misses you.
The orc warrior hits you with a +0 trident!
You die...

##+# ### ##...##
.... ##.....##
##... ##.......##
##.#.%.
#.........####...##
+....(.........o..#
#..........b.b@).#
#........†.....##
##..............##
##
##...#......bb....#
.#
##'##.........####
.# #.###.......##
## #.# ##.....## ##
##.## ##...## .##
##...#####.##


You could see a neutral orc warrior (fast, strong, frenzied, resistant, blind,
unable to see you, weak, drained, ally target).

Vanquished Creatures
  Sigmund (D:3)
  Terence (D:2)
  An orc wizard (D:3)
  Natasha (thrice) (D:2)
  4 adders
  4 ribbon worms
  2 dart slugs
  11 orcs
  4 ball pythons
  8 endoplasms
  2 giant cockroaches
  9 goblins
  6 hobgoblins
  2 quokkas
  4 bats
  2 frilled lizards
  5 kobolds
  4 rats
73 creatures vanquished.

Vanquished Creatures (collateral kills)
  An orc (D:4)
1 creature vanquished.

Grand Total: 74 creatures vanquished

Notes
Turn   | Place    | Note
-------+----------+-------------------------------------------
     0 | D:1      | Xavori the Djinni Chaos Knight began the quest for the Orb.
     0 | D:1      | Reached XP level 1. HP: 20/20 MP: 0/0
    72 | D:1      | Reached XP level 2. HP: 25/25 MP: 0/0
   164 | D:1      | You are sucked into a shaft and drop 1 floor!
   225 | D:2      | Reached XP level 3. HP: 23/30 MP: 0/0
   225 | D:2      | Learned a level 1 spell: Foxfire
   360 | D:2      | Identified the +5 ring mail "Egy Tir" {rElec Dex+3}
   442 | D:2      | Identified the +2 robe of Xutyhyes {rElec Dex+4 SInv
                  | Archmagi}
   500 | D:2      | Noticed Terence
   510 | D:2      | Killed Terence
   511 | D:2      | Reached XP level 4. HP: 17/35 MP: 0/0
   598 | D:1      | XOM: god gift: 36 gold pieces
   735 | D:1      | XOM: divination: magic mapping
  3044 | D:1      | XOM: cloud trail
  3766 | D:1      | XOM: scenery: create altars
  4298 | D:1      | XOM: god gift: scroll labelled UMIN OGIEMALUNNUWN {god
                  | gift}
  4433 | D:1      | Identified a scroll of acquirement
  4433 | D:1      | Acquired a manual of Armour
  4811 | D:1      | XOM: summons 1 hostile demon
  5033 | D:2      | XOM: silly message
  5326 | D:1      | XOM: noise
  5723 | D:1      | XOM: give mutation
  5723 | D:1      | Gained mutation: You do not regenerate when monsters are
                  | visible. [Xom's mischief]
  5949 | D:1      | XOM: give mutations
  5949 | D:1      | Gained mutation: You have a pair of small horns on your
                  | head. [Xom's mischief]
  5949 | D:1      | Gained mutation: You are somewhat resistant to further
                  | mutation. [Xom's mischief]
  5949 | D:1      | Gained mutation: You occasionally lose the ability to read
                  | scrolls when taking damage. [Xom's mischief]
  6250 | D:1      | XOM is BORED!
  6443 | D:1      | XOM: god gift: 41 gold pieces
  7062 | D:1      | XOM: give mutation
  7062 | D:1      | Gained mutation: You are agile. (Dex +4, Str/Int -1) [Xom's
                  | grace]
  7501 | D:1      | XOM: cloud trail
  7634 | D:1      | XOM: cloud trail
  7930 | D:1      | XOM: god gift: 16 gold pieces
  8667 | D:1      | XOM: scenery: create altars
  8884 | D:2      | Noticed Natasha
  8890 | D:2      | Killed Natasha
  8891 | D:2      | Reached XP level 5. HP: 33/40 MP: 0/0
  8891 | D:2      | Learned a level 2 spell: Blink
  8922 | D:2      | XOM: god gift: wand of light (5)
  8952 | D:2      | XOM: god gift: +2 war axe of chaos
  9002 | D:2      | Noticed Natasha
  9006 | D:2      | Killed Natasha
  9007 | D:2      | Reached skill level 1 in Spellcasting
  9007 | D:2      | Reached skill level 1 in Conjurations
  9007 | D:2      | Reached skill level 1 in Hexes
  9007 | D:2      | Reached skill level 1 in Summonings
  9007 | D:2      | Reached skill level 1 in Necromancy
  9007 | D:2      | Reached skill level 1 in Translocations
  9007 | D:2      | Reached skill level 1 in Fire Magic
  9007 | D:2      | Reached skill level 1 in Ice Magic
  9007 | D:2      | Reached skill level 1 in Air Magic
  9007 | D:2      | Reached skill level 1 in Earth Magic
  9007 | D:2      | Reached skill level 1 in Alchemy
  9100 | D:2      | XOM: scenery: 2 doors open
  9280 | D:2      | XOM: scenery: 2 doors close
  9302 | D:2      | Noticed Natasha
  9314 | D:2      | Killed Natasha
  9622 | D:2      | XOM: scenery: 2 doors open
  9934 | D:2      | XOM: give mutations
  9934 | D:2      | Gained mutation: You are robust. (+10% HP) [Xom's mischief]
  9934 | D:2      | Lost mutation: You are robust. (+10% HP) [Xom's mischief]
 10257 | D:2      | XOM: silly message
 10326 | D:2      | XOM: give mutations
 10326 | D:2      | Gained mutation: You have a pair of horns on your head.
                  | [Xom's grace]
 10326 | D:2      | Gained mutation: You are somewhat resistant to both further
                  | mutation and mutation removal. [Xom's grace]
 10326 | D:2      | Gained mutation: You have a pair of large horns on your
                  | head. [Xom's grace]
 10326 | D:2      | Gained mutation: You are partially covered in iridescent
                  | scales. (AC +2) [Xom's grace]
 10588 | D:3      | Reached XP level 6. HP: 34/47 MP: 0/0
 10617 | D:3      | XOM: 3-stop teleportation journey
 10645 | D:3      | Noticed Sigmund
 10649 | D:3      | Killed Sigmund
 10650 | D:3      | Reached skill level 1 in Evocations
 10650 | D:3      | Reached XP level 7. HP: 41/51 MP: 0/0
 10650 | D:3      | Learned a level 2 spell: Lesser Beckoning
 11110 | D:3      | XOM: 4-stop teleportation journey
 11359 | D:4      | XOM: 1-stop teleportation journey
 11391 | D:4      | Found a hide-covered altar of Uskayaw.
 11479 | D:4      | Found a broken altar of Ashenzari.
 11587 | D:4      | XOM: cast spell 'Discord'
 11587 | D:4      | XOM: butterfly on damage
 11594 | D:4      | Slain by an orc warrior

Illustrated notes

Levels and vault maps discovered:
D:1:      dpeg_arrival_tiny_a, layout_rooms
D:2:      layout_basic, amcnicky_mini_rare_corridor_liquid, uniq_natasha,
          uniq_terence
D:3:      layout_basic, uniq_sigmund
D:4:      layout_loops_corners, yredelemnul_forgotten_temple_becter,
          mainiacjoe_overflow_paths, mainiacjoe_overflow_alcove_4,
          uniq_eustachio

Skill      XL: |  1  2  3  4  5  6 |
---------------+-------------------+-----
Long Blades    | 3 4 |  4.4
Armour         | 2 3 4 |  4.7
Spellcasting   | 1 |  1.5
Conjurations   | 1 |  1.5
Hexes          | 1 |  1.5
Summonings     | 1 |  1.5
Necromancy     | 1 |  1.5
Translocations | 1 |  1.5
Fire Magic     | 1 |  1.5
Ice Magic      | 1 |  1.5
Air Magic      | 1 |  1.5
Earth Magic    | 1 |  1.5
Alchemy        | 1 |  1.5
Dodging        | 3 |  3.0
Evocations     | 1 |  1.9
Fighting       | |  3.9

Action                     |  1- 3 |  4- 6 |  7- 9 || total
---------------------------+-------+-------+-------++-------
  Melee: Falchion          |    74 |    79 |    49 ||   202
         Headbutt          |       |     9 |    11 ||    20
         Punch             |       |     1 |     1 ||     2
  Evoke: Wand              |       |       |     1 ||     1
    Use: Scroll            |       |     1 |     4 ||     5
   Stab: Confused          |     3 |       |       ||     3
         Invisible         |       |       |     1 ||     1
 Armour: Leather armour    |    35 |    10 |       ||    45
         Ring mail         |       |    34 |    28 ||    62
  Dodge: Dodged            |    40 |    59 |    27 ||   126
